AoeStats
← STRATCOM

Black Forest

509733106Analyzed
4v4 RM · 5d ago on Sep 27, 2026· 79m 5s· 8 players
Game mode
Random Map
Map size
Large (8 player)
Population
200
Speed
Normal
Resources
Standard
Victory
Conquest
Starting age
Dark Age
Ending age
Imperial Age
RankedLock teamsTeams togetherTeam positionsShared explorationLock speedFull tech treeHidden civsTurbo modeCheats
Victory
Defeat
🇺🇸 Franks · United States
707
+13
🇲🇽 Huns · Mexico
672
+15
🇪🇸 Japanese · Spain
643
+16
🇲🇽 Khmer · Mexico
622
+17
🇦🇷 Aztecs · Argentina
702
-18
🇺🇸 Byzantines · United States
632
-15
🇦🇷 Slavs · Argentina
615
-14
🇫🇷 Turks · France
613
-14
Milli
0:50 Loom
14:08 Feudal Age
14:58 Double-Bit Axe
19:57 Castle Age
22:07 Wheelbarrow
22:02 Bow Saw
22:35 Gold Mining
22:46 Stone Mining
26:12 Hand Cart
28:13 Gold Shaft Mining
28:57 Fortified Wall
29:36 Masonry
29:49 Horse Collar
34:45 Imperial Age
36:18 Scale Barding Armor
36:49 Coinage
36:20 Caravan
37:22 Chain Barding Armor
38:44 Chemistry
38:04 Ballistics
40:18 Siege Engineers
41:48 Two-Man Saw
41:55 Onager
43:09 Bloodlines
43:00 Husbandry
45:01 Plate Barding Armor
44:37 Forging
50:08 Iron Casting
51:08 Banking
50:09 Elite Boyar
53:11 Squires
52:44 Pikeman
55:27 Scale Mail Armor
56:28 Blast Furnace
56:28 Chain Mail Armor
60:05 Plate Mail Armor
59:00 Halberdier
60:43 Capped Ram
alexgolan
0:47 Loom
16:01 Feudal Age
17:23 Horse Collar
17:32 Double-Bit Axe
18:26 Wheelbarrow
17:46 Stone Mining
27:04 Castle Age
25:32 Scale Mail Armor
25:43 Forging
26:32 Scale Barding Armor
26:20 Fletching
26:23 Gold Mining
28:02 Chain Mail Armor
28:23 Iron Casting
27:59 Heavy Plow
28:13 Bow Saw
28:36 Husbandry
28:03 Pikeman
29:26 Squires
31:47 Fortified Wall
31:18 Treadmill Crane
32:25 Stone Shaft Mining
32:28 Gold Shaft Mining
35:30 Chain Barding Armor
35:06 Bodkin Arrow
38:25 Imperial Age
37:03 Greek Fire
37:38 Ballistics
37:14 Murder Holes
40:18 Chemistry
40:32 Two-Man Saw
40:05 Crop Rotation
39:30 Halberdier
40:42 Cavalier
42:04 Plate Mail Armor
44:15 Paladin
50:24 Bombard Tower
56:37 Hoardings
56:24 Conscription
62:11 Plate Barding Armor
61:38 Bracer
STRATCOM
0:57 Loom
16:53 Feudal Age
17:18 Horse Collar
17:27 Double-Bit Axe
18:24 Town Watch
19:56 Wheelbarrow
23:01 Gold Mining
23:02 Stone Mining
28:10 Castle Age
27:26 Forging
27:22 Scale Barding Armor
29:01 Heavy Plow
29:14 Bow Saw
30:04 Town Patrol
30:48 Gold Shaft Mining
31:45 Hand Cart
37:28 Redemption
Vollenbad
0:31 Loom
12:18 Feudal Age
12:49 Double-Bit Axe
16:53 Wheelbarrow
16:03 Town Watch
20:44 Castle Age
18:46 Horse Collar
20:22 Stone Mining
24:26 Hand Cart
28:46 Gold Mining
29:01 Fletching
29:52 Bow Saw
32:07 Bodkin Arrow
32:39 Crossbowman
34:10 Murder Holes
36:58 Imperial Age
38:12 Arbalester
39:16 Conscription
38:20 Elite Jaguar Warrior
39:35 Bracer
39:36 Padded Archer Armor
44:25 Leather Archer Armor
44:21 Forging
44:36 Elite Skirmisher
46:57 Chemistry
46:08 Fortified Wall
50:39 Iron Casting
50:05 Scale Mail Armor
56:09 Blast Furnace
55:25 Chain Mail Armor
55:30 Arson
55:46 Squires
55:31 Gambesons
QC FENIX
0:47 Loom
12:45 Feudal Age
14:06 Wheelbarrow
13:21 Double-Bit Axe
14:08 Horse Collar
21:55 Castle Age
22:01 Gold Mining
22:01 Stone Mining
23:27 Hand Cart
28:55 Gold Shaft Mining
30:16 Caravan
30:47 Coinage
32:53 Scale Barding Armor
32:59 Forging
34:41 Chain Barding Armor
35:02 Iron Casting
38:34 Imperial Age
38:35 Masonry
38:46 Ballistics
38:55 Marauders
39:14 Husbandry
39:27 Bloodlines
39:33 Bow Saw
38:56 Elite Tarkan
39:57 Conscription
40:40 Plate Barding Armor
41:06 Blast Furnace
41:32 Banking
41:13 Guilds
44:19 Arson
44:35 Squires
43:56 Pikeman
46:05 Chemistry
45:27 Town Watch
59:03 Halberdier
61:36 Scale Mail Armor
64:10 Chain Mail Armor
76:06 Spies/Treason
Karma KoS
0:50 Loom
12:13 Feudal Age
17:47 Double-Bit Axe
22:52 Castle Age
21:27 Gold Mining
21:33 Stone Mining
25:47 Bow Saw
25:22 Horse Collar
28:03 Gold Shaft Mining
28:07 Stone Shaft Mining
27:42 Heavy Plow
33:59 Imperial Age
34:28 Ballistics
40:20 Siege Engineers
39:39 Elite Ballista Elephant
40:23 Tusk Swords
40:26 Double Crossbow
45:09 Forging
45:05 Scale Barding Armor
47:00 Iron Casting
46:26 Scale Mail Armor
46:16 Arson
48:49 Pikeman
51:54 Halberdier
54:40 Blast Furnace
54:00 Chain Barding Armor
57:23 Chain Mail Armor
57:44 Plate Barding Armor
72:59 Siphons
JT One
0:35 Loom
14:00 Feudal Age
15:44 Double-Bit Axe
20:34 Castle Age
19:20 Stone Mining
20:38 Gold Mining
22:42 Caravan
23:35 Wheelbarrow
23:29 Bow Saw
32:05 Imperial Age
32:03 Gold Shaft Mining
32:44 Hand Cart
32:27 Elite Skirmisher
37:47 Cavalier
38:28 Husbandry
39:34 Scale Mail Armor
39:34 Padded Archer Armor
39:40 Scale Barding Armor
39:02 Pikeman
39:11 Paladin
42:51 Chain Barding Armor
42:47 Chain Mail Armor
42:47 Leather Archer Armor
42:12 Heavy Scorpion
53:19 Halberdier
62:08 Plate Barding Armor
62:04 Plate Mail Armor
63:52 Elite Throwing Axeman
Tinako89
0:28 Loom
12:29 Feudal Age
14:06 Town Watch
15:00 Wheelbarrow
15:23 Gold Mining
15:30 Double-Bit Axe
17:02 Stone Mining
18:47 Horse Collar
24:58 Castle Age
23:14 Scale Mail Armor
23:24 Forging
26:05 Town Patrol
27:13 Coinage
28:30 Gold Shaft Mining
27:57 Heavy Plow
28:35 Bow Saw
30:16 Man-at-Arms
32:40 Squires
32:01 Long Swordsman
32:27 Gambesons
32:50 Arson
33:08 Guard Tower
33:00 Treadmill Crane
33:30 Pikeman
35:38 Hand Cart
35:36 Caravan
39:14 Imperial Age
37:15 Yasama
37:47 Fortified Wall
37:38 Murder Holes
38:00 Masonry
39:12 Chain Mail Armor
39:32 Iron Casting
39:10 Elite Skirmisher
41:32 Plate Mail Armor
41:37 Iron Casting
40:56 Fletching
41:06 Padded Archer Armor
40:53 Elite Samurai
43:08 Two-Man Saw
42:20 Scale Barding Armor
45:26 Blast Furnace
44:27 Bodkin Arrow
44:33 Padded Archer Armor
44:38 Scale Barding Armor
46:12 Keep
45:59 Ballistics
45:26 Arrowslits
47:17 Hoardings
46:47 Bracer
48:17 Kataparuto
49:16 Halberdier
49:20 Two-Handed Swordsman
51:58 Banking
56:07 Hoardings
56:40 Capped Ram
58:15 Hoardings
59:34 Onager
62:47 Heavy Scorpion
66:29 Husbandry
66:00 Cavalier
66:03 Two-Handed Swordsman
75:44 Chemistry
77:30 Siege Engineers
77:42 Champion
Connection lost

Rejoining the realm…

Still unreachable

The connection could not be restored.

Session expired

The server has moved on; the page needs a fresh start.